 Dungeon Sprint DCSS version 0.21.1-1-g345015f (webtiles) character file.

373978 Ghella the Axe Maniac (level 20, 0/324 HPs)
             Began as a Minotaur Berserker on Mar 27, 2018.
             Was the Champion of Trog.
             Shot with an arrow by a deep elf master archer (35 damage)
             ... in the Dungeon (Sprint IX: "|||||||||||||||||||||||||||||").
             The game lasted 01:34:47 (9446 turns).

Ghella the Axe Maniac (Minotaur Berserker)          Turns: 9446, Time: 01:34:48

Health: 0/324      AC: 41    Str: 36    XL:     20   Next: 54%
Magic:  32/32      EV: 21    Int:  7    God:    Trog [******]
Gold:   685        SH:  0    Dex:  9    Spells: 19/19 levels left

rFire    . . .     SeeInvis +   D - +13 executioner's axe of Sin {flame, MR+}
rCold    + . .     Gourm    .   (shield currently unavailable)
rNeg     + . .     Faith    .   N - +11 plate armour "Fuiha" {Int+2 SInv}
rPois    +         Spirit   .   (helmet restricted)
rElec    .         Reflect  .   F - scarf {cloud immunity}
rCorr    .         Harm     .   O - +2 pair of gloves
MR       ++++.     NoTele   +   C - +2 pair of boots
Stlth    ..........             I - amulet of regeneration
HPRegen  1.00/turn              H - ring of Mirth {rPois rN+ Str-2 Int+5 SInv}
MPRegen  0.23/turn              o - ring "Axzuskoipn" {rC+ Str+5}

@: berserking, regenerating, very quick
A: retaliatory headbutt, horns 2, clumsy 1, dopey 2, low mp 1, inhibited
regeneration, weak 1, MP-powered wands
}: 5/15 runes: decaying, serpentine, barnacled, silver, gossamer
a: Berserk, Trog's Hand, Brothers in Arms, Burn Spellbooks, Renounce Religion


You were in the Dungeon.
You worshipped Trog.
Trog was exalted by your worship.
You were hungry.

You visited 1 branch You collected 2019 gold pieces.
You spent 1334 gold pieces at shops.

Inventory:

Hand Weapons
 a - the +8 battleaxe of Mayhem {chop, +Rage MR++ Str-4 Stlth+}
   (Trog gifted it to you in the Dungeon)

   It inflicts extra damage upon your enemies.
   It affects your strength (-4).
   It affects your resistance to hostile enchantments.
   It lets you go berserk.
   It makes you more stealthy.
 j - a +1 great sword of protection
 B - a +6 executioner's axe of electrocution
 D - the +13 executioner's axe of Sin (weapon) {flame, MR+}
   (Trog gifted it to you in the Dungeon)

   It has been specially enchanted to burn those struck by it, causing extra
   injury to most foes and up to half again as much damage against particularly
   susceptible opponents.
   Big, fiery blades are also staple armaments of hydra-hunters.
   It affects your resistance to hostile enchantments.
 R - the +4 battleaxe of Killer Bee's Regret {venom, rElec MR+}
   (Trog gifted it to you in the Dungeon)

   It poisons the flesh of those it strikes.
   It insulates you from electricity.
   It affects your resistance to hostile enchantments.
 W - the +10 executioner's axe of Pragmatism {chop, *Noise MR+ Str+5}
   (Trog gifted it to you in the Dungeon)

   It inflicts extra damage upon your enemies.
   It affects your strength (+5).
   It affects your resistance to hostile enchantments.
   It may make noises in combat.
 X - the +7 battleaxe of Quantum Leap {freeze, Int+2 Dex+2}
   (Trog gifted it to you in the Dungeon)

   It has been specially enchanted to freeze those struck by it, causing extra
   injury to most foes and up to half again as much damage against particularly
   susceptible opponents.
   It can also slow down cold-blooded creatures.
   It affects your intelligence (+2).
   It affects your dexterity (+2).
Armour
 C - a +2 pair of boots (worn)
 F - a scarf of cloud immunity (worn)
 N - the +11 plate armour "Fuiha" (worn) {Int+2 SInv}
   (You found it in the Dungeon)

   It affects your intelligence (+2).
   It lets you see invisible.
 O - a +2 pair of gloves (worn)
Jewellery
 b - the ring "Ymybuh" {+Fly rF- Str+9}
   (You found it in the Dungeon)

   [ring of flight]

   It affects your strength (+9).
   It makes you vulnerable to fire.
   It lets you fly.
 o - the ring "Axzuskoipn" (right hand) {rC+ Str+5}
   (You found it in the Dungeon)

   [ring of protection from cold]

   It affects your strength (+5).
   It protects you from cold.
 p - a +3 ring of slaying
 q - the ring "Ludae" {+Blink +Fly Int+3}
   (You found it in the Dungeon)

   [ring of intelligence]

   It affects your intelligence (+3).
   It lets you fly.
   It lets you blink.
 r - a +3 ring of slaying
 s - a +2 ring of evasion
 G - an uncursed ring of resist corrosion
 H - the ring of Mirth (left hand) {rPois rN+ Str-2 Int+5 SInv}
   (You bought it in a shop in the Dungeon)

   [ring of see invisible]

   It affects your strength (-2).
   It affects your intelligence (+5).
   It protects you from poison.
   It protects you from negative energy.
   It lets you see invisible.
 I - an amulet of regeneration (around neck)
 K - an uncursed ring of protection from magic
 L - an uncursed ring of protection from fire
 M - an uncursed ring of protection from fire
Wands
 m - a wand of iceblast (10)
Scrolls
 l - 7 scrolls of remove curse
 y - 4 scrolls of fog
 z - 13 scrolls of enchant armour
 A - 2 scrolls of identify
 E - 2 scrolls of enchant weapon
 V - 2 scrolls of fear
Potions
 d - 9 potions of curing
 e - a potion of invisibility
 f - 6 potions of haste
 g - 4 potions of magic
 h - 2 potions of berserk rage
 i - a potion of lignification
 k - 3 potions of heal wounds
 u - a potion of brilliance
 v - a potion of resistance
 w - 3 potions of might
 x - a potion of flight
 P - 2 potions of agility
 Y - a potion of ambrosia
Books
 Z - a book of Party Tricks

   Spells                             Type                      Level
   a - Summon Butterflies             Summoning                    1
   b - Apportation                    Translocation                1
   c - Lesser Beckoning               Translocation                3
   d - Tukima's Dance                 Hexes                        3
   e - Alistair's Intoxication        Transmutation/Poison         5
   f - Invisibility                   Hexes                        6
   Trog disapproves of the use of such an item.
Comestibles
 c - 7 rations
 n - 8 chunks of flesh


   Skills:
 O Level 27 Fighting
 + Level 12.3 Long Blades
 O Level 27 Axes
   Level 3.6(19.0) Maces & Flails
 + Level 23.4 Throwing
 O Level 27 Armour
 O Level 27 Dodging
 O Level 27 Stealth
 O Level 27 Unarmed Combat
 O Level 27 Evocations


You had 19 spell levels left.
You didn't know any spells.

Dungeon Overview and Level Annotations

Branches:
Dungeon (1/1)

Altars:
Cheibriados
Dithmenos
Elyvilon
Fedhas
Gozag
Hepliaklqana
Kikubaaqudgha
Makhleb
Nemelex Xobeh
Okawaru
Qazlal
Ru
Sif Muna
Trog
Uskayaw
Vehumet
Wu Jian
Xom
Yredelemnul
Zin
The Shining One
Beogh
Jiyva
Lugonu

Shops:
D =!([


Innate Abilities, Weirdness & Mutations

You reflexively headbutt those who attack you in melee.
You have a pair of horns on your head.
You are clumsy. (Dex -2)
You are very dopey. (Int -4)
Your magical capacity is low. (-10% MP)
You do not regenerate when monsters are visible.
You are weak. (Str -2)
You expend magic power (3 MP) to strengthen your wands.


Message History

* * * LOW HITPOINT WARNING * * *
The deep elf high priest calls down the wrath of its god upon you.
Something smites you!
* * * LOW HITPOINT WARNING * * *
You slice the ghostly deep elf master archer!!
You burn the ghostly deep elf master archer.
You destroy the ghostly deep elf master archer!
Trog accepts your kill.
Your Long Blades skill increases to level 12!
The deep elf master archer wields a glowing longbow.
It bursts into flame!
The deep elf master archer shoots an arrow.
The arrow hits you but does no damage.
Things that are here:
a longbow; 13 arrows; a leather armour You slash the deep elf master archer!
You burn the deep elf master archer.
The deep elf master archer is moderately wounded.
The deep elf master archer shoots an arrow.
The arrow hits you!!
You die...

♣♣♣♣♣♣♣♣♣♣♣▓▓▓▓▓▓▓▓▓▓▓▓▓
)))).(..((.())((@eeeeee.
♣♣♣♣♣♣♣♣♣♣♣▓▓▓▓▓▓▓▓▓▓▓▓▓▓▓▓▓▓▓▓▓▓
.................................
▓▓▓▓▓▓▓▓▓▓▓▓▓▓▓▓▓▓▓▓▓▓▓▓▓▓▓▓▓▓▓▓▓
....'...)[...'.'.'.').........)..
▓▓▓▓▓▓▓▓▓▓▓▓▓▓▓▓▓▓▓▓▓▓▓▓▓▓▓▓▓▓▓▓▓
.................................
▓▓▓▓▓▓▓▓▓▓▓▓▓▓▓▓▓▓▓▓▓▓▓▓▓▓▓▓▓▓▓▓▓
)[........)))))...)=)))....')))))


You could see a deep elf master archer, 2 deep elf annihilators, a deep elf
death mage and 2 deep elf high priests.

Vanquished Creatures
  3 orbs of fire (D)
  Mennas (D)
  Mara (D)
  6 ancient liches (D)
  Margery (D)
  Xtahua (D)
  Frederick (D)
  A caustic shrike (D)
  A curse toe (D)
  A Killer Klown (D)
  2 golden dragons (D)
  Jory (D)
  4 electric golems (D)
  24 Orb Guardians (D)
  2 tentacled monstrosities (D)
  2 liches (D)
  Rupert (D)
  2 deep elf blademasters (D)
  A titan (D)
  A death cob (D)
  3 deep elf master archers (D)
  Kirke (D)
  3 sphinxes (D)
  3 storm dragons (D)
  2 draconian monks (D)
  10 shadow dragons (D)
  A nagaraja (D)
  Ilsuiw (D)
  4 frost giants (D)
  Donald (D)
  3 vault wardens (D)
  2 fire giants (D)
  3 draconian knights (D)
  7 ghost moths (D)
  3 draconian scorchers (D)
  2 draconian shifters (D)
  5 emperor scorpions (D)
  A draconian stormcaller (D)
  2 very ugly things (D)
  4 stone giants (D)
  An ironheart preserver (D)
  3 draconian annihilators (D)
  9 vampire knights (D)
  A red draconian (D)
  A black draconian (D)
  2 green draconians (D)
  2 deep elf demonologists (D)
  2 dire elephants (D)
  2 white draconians (D)
  5 yellow draconians (D)
  A deep elf annihilator (D)
  4 purple draconians (D)
  An ettin (D)
  5 merfolk javelineers (D)
  2 merfolk impalers (D)
  2 fire dragons (D)
  3 yaktaur captains (D)
  2 great orbs of eyes (D)
  Harold (D)
  6 ice dragons (D)
  Erolcha (D)
  25 vault guards (D)
  5 hydras (D)
  A merfolk avatar (D)
  2 naga warriors (D)
  2 ogre magi (D)
  4 merfolk aquamancers (D)
  4 centaur warriors (D)
  An alligator (D)
  A deep troll earth mage (D)
  A tengu warrior (D)
  3 hell knights (D)
  3 orc high priests (D)
  A spriggan berserker (D)
  Nergalle (D)
  A flayed ghost (D)
  2 unseen horrors (shapeshifter) (D)
  A naga ritualist (D)
  8 swamp dragons (D)
  3 ironbrand convokers (D)
  2 deep elf archers (D)
  A necromancer (D)
  2 orb spiders (D)
  2 phantasmal warriors (D)
  A harpy (D)
  A mana viper (D)
  14 orc knights (D)
  3 wolf spiders (D)
  3 ugly things (D)
  8 moths of wrath (D)
  A cyclops (D)
  2 merfolk sirens (D)
  6 elephants (D)
  Joseph (D)
  3 vault sentinels (D)
  3 naga magi (D)
  A water nymph (D)
  4 guardian serpents (D)
  2 black mambas (D)
  Psyche (D)
  4 spiny frogs (D)
  2 demonic crawlers (D)
  A komodo dragon (D)
  A guardian mummy (D)
  A komodo dragon (shapeshifter) (D)
  A wind drake (D)
  A tengu conjurer (D)
  A meliai (D)
  A meliai (shapeshifter) (D)
  3 trolls (D)
  A merfolk (D)
  A jumping spider (D)
  A hippogriff (D)
  A blink frog (D)
  2 bog bodies (D)
  A slime creature (D)
  A snapping turtle (D)
  11 spriggans (D)
  2 redbacks (D)
  A wraith (D)
  3 shadows (D)
  A yak (D)
  2 basilisks (D)
  A human (shapeshifter) (D)
  2 hogs (D)
  3 nagas (D)
  A vampire mosquito (D)
  2 water moccasins (D)
  10 orc warriors (D)
  3 porcupines (D)
  2 swamp drakes (D)
  An ice beast (D)
  A sky beast (D)
  A black bear (shapeshifter) (D)
  An ogre (D)
  A wolf (D)
  A centaur (D)
  3 crocodiles (D)
  A bullfrog (D)
  A wight (D)
  A crimson imp (D)
  A hound (D)
  An orc priest (D)
  5 orc wizards (D)
  An iguana (D)
  2 worker ants (D)
  An ooze (D)
  A dart slug (D)
  10 orcs (D)
  A bat skeleton (D)
  A goblin (D)
  A jackal (D)
  A kobold (D)
  A quokka zombie (D)
  A rat (D)
  2 crawling corpses (D)
414 creatures vanquished.

Vanquished Creatures (collateral kills)
  3 Orb Guardians (D)
  A death cob (D)
  A sphinx (D)
  2 nagarajas (D)
  A blizzard demon (D)
  A yaktaur captain (D)
  An ice dragon (D)
  A rakshasa (D)
  A naga warrior (D)
  A hell knight (D)
  An ironbrand convoker (D)
  An orc knight (D)
  A moth of wrath (D)
  A naga mage (D)
  A guardian mummy (D)
  A jumping spider (shapeshifter) (D)
  A naga (D)
20 creatures vanquished.

Vanquished Creatures (others)
  A tentacled monstrosity (D)
  A vampire knight (D)
  A very ugly thing (D)
  A small abomination (D)
  An orc wizard (D)
5 creatures vanquished.

Grand Total: 439 creatures vanquished

Notes
Turn   | Place    | Note
-------+----------+-------------------------------------------
     0 | D        | Ghella the Minotaur Berserker began the quest for the Orb.
     0 | D        | Reached XP level 1. HP: 19/19 MP: 0/0
     7 | D        | Reached skill level 5 in Fighting
     9 | D        | Reached ** piety under Trog
    11 | D        | Reached XP level 2. HP: 21/30 MP: 1/1
    95 | D        | Noticed a crimson imp
   103 | D        | Reached *** piety under Trog
   109 | D        | Reached XP level 3. HP: 33/42 MP: 2/2
   131 | D        | Reached skill level 10 in Fighting
   131 | D        | Reached XP level 4. HP: 37/52 MP: 3/3
   141 | D        | Found a roughly hewn altar of Beogh.
   141 | D        | Found a snail-covered altar of Cheibriados.
   141 | D        | Found a shadowy altar of Dithmenos.
   141 | D        | Found a white marble altar of Elyvilon.
   141 | D        | Found a blossoming altar of Fedhas.
   141 | D        | Found an opulent altar of Gozag.
   142 | D        | Found a hazy altar of Hepliaklqana.
   143 | D        | Found a viscous altar of Jiyva.
   144 | D        | Found an ancient bone altar of Kikubaaqudgha.
   145 | D        | Found a corrupted altar of Lugonu.
   146 | D        | Found a burning altar of Makhleb.
   147 | D        | Found a sparkling altar of Nemelex Xobeh.
   148 | D        | Found an iron altar of Okawaru.
   149 | D        | Found a stormy altar of Qazlal.
   150 | D        | Found a sacrificial altar of Ru.
   151 | D        | Found a deep blue altar of Sif Muna.
   152 | D        | Found a bloodstained altar of Trog.
   153 | D        | Found a hide-covered altar of Uskayaw.
   154 | D        | Found a radiant altar of Vehumet.
   155 | D        | Found an ornate altar of the Wu Jian Council.
   156 | D        | Found a shimmering altar of Xom.
   157 | D        | Found a basalt altar of Yredelemnul.
   158 | D        | Found a glowing silver altar of Zin.
   159 | D        | Found a glowing golden altar of the Shining One.
   210 | D        | Noticed a troll
   210 | D        | Noticed an ice beast
   213 | D        | Reached **** piety under Trog
   213 | D        | Reached skill level 1 in Axes
   219 | D        | Killed a troll
   219 | D        | Reached XP level 5. HP: 58/68 MP: 4/4
   219 | D        | Reached XP level 6. HP: 64/75 MP: 5/5
   221 | D        | Killed an ice beast
   221 | D        | Reached skill level 15 in Fighting
   356 | D        | Noticed a meliai
   356 | D        | Noticed a wraith
   356 | D        | Noticed a troll
   356 | D        | Noticed a tengu warrior
   359 | D        | Killed a meliai
   359 | D        | Reached ***** piety under Trog
   359 | D        | Reached XP level 7. HP: 85/85 MP: 6/6
   367 | D        | Killed a wraith
   371 | D        | Killed a troll
   371 | D        | Reached skill level 10 in Axes
   371 | D        | Reached XP level 8. HP: 60/95 MP: 7/7
   376 | D        | Killed a tengu warrior
   621 | D        | Noticed Harold
   637 | D        | Killed Harold
   637 | D        | Received a gift from Trog
   637 | D        | Reached XP level 9. HP: 78/107 MP: 8/8
   772 | D        | Noticed a spiny frog
   785 | D        | Reached ****** piety under Trog
   787 | D        | Killed a spiny frog
   787 | D        | Reached skill level 15 in Axes
   788 | D        | Noticed a spiny frog
   803 | D        | Killed a spiny frog
   994 | D        | Noticed a spiny frog
   994 | D        | Reached XP level 10. HP: 117/117 MP: 3/9
  1009 | D        | Received a gift from Trog
  1026 | D        | Killed a spiny frog
  1088 | D        | Noticed an elephant
  1088 | D        | Noticed an elephant
  1088 | D        | Noticed an elephant
  1088 | D        | Noticed a dire elephant
  1088 | D        | Noticed a dire elephant
  1088 | D        | Noticed an elephant
  1091 | D        | Killed an elephant
  1091 | D        | Received a gift from Trog
  1097 | D        | Killed a dire elephant
  1100 | D        | Killed a dire elephant
  1100 | D        | Received a gift from Trog
  1102 | D        | Killed an elephant
  1102 | D        | Received a gift from Trog
  1104 | D        | Killed an elephant
  1104 | D        | Reached XP level 11. HP: 56/127 MP: 10/10
  1128 | D        | HP: 2/127 [elephant (15)]
  1559 | D        | Noticed Erolcha
  1564 | D        | Killed Erolcha
  1601 | D        | Received a gift from Trog
  1616 | D        | Received a gift from Trog
  1681 | D        | Received a gift from Trog
  1691 | D        | Noticed an orc knight
  1703 | D        | Killed an orc knight
  1703 | D        | Reached skill level 10 in Armour
  1746 | D        | Found Rulunocu's Jewellery Emporium.
  1746 | D        | Noticed an orc knight
  1746 | D        | Noticed an orc knight
  1746 | D        | Noticed an orc high priest
  1746 | D        | Noticed an orc knight
  1746 | D        | Noticed an orc knight
  1796 | D        | Killed an orc knight
  1797 | D        | Killed an orc high priest
  1799 | D        | Killed an orc knight
  1799 | D        | Received a gift from Trog
  1800 | D        | Killed an orc knight
  1804 | D        | Killed an orc knight
  1978 | D        | Noticed an orc knight
  1983 | D        | Killed an orc knight
  1984 | D        | Got a shimmering executioner's axe {god gift}
  1985 | D        | Identified the +13 executioner's axe of Sin {flame, MR+} (Trog gifted it to you in the Dungeon)
  1998 | D        | Noticed an orc knight
  2054 | D        | Killed an orc knight
  2054 | D        | Reached skill level 15 in Armour
  2161 | D        | Noticed an orc knight
  2172 | D        | Killed an orc knight
  2172 | D        | Received a gift from Trog
  2318 | D        | Found Lupnar's Distillery.
  2322 | D        | Found Osoffihop's Weapon Emporium.
  2326 | D        | Found Verchoadu's Armour Shoppe.
  2328 | D        | Noticed an orc high priest
  2329 | D        | Noticed an orc knight
  2330 | D        | Noticed an orc knight
  2331 | D        | Noticed an orc knight
  2333 | D        | Noticed an orc high priest
  2336 | D        | Noticed a soul eater
  2337 | D        | Killed an orc high priest
  2341 | D        | Killed an orc knight
  2341 | D        | Reached XP level 12. HP: 113/136 MP: 11/11
  2401 | D        | Killed an orc high priest
  2678 | D        | Bought a potion of curing for 33 gold pieces
  2678 | D        | Bought a potion of curing for 33 gold pieces
  2678 | D        | Bought a potion of lignification for 33 gold pieces
  2678 | D        | Bought a potion of heal wounds for 55 gold pieces
  2678 | D        | Bought a potion of curing for 33 gold pieces
  2678 | D        | Bought a potion of haste for 110 gold pieces
  2682 | D        | Bought a scarf of cloud immunity for 84 gold pieces
  2691 | D        | Bought an uncursed ring of resist corrosion for 220 gold pieces
  2691 | D        | Bought the ring of Mirth {rPois rN+ Str-2 Int+5 SInv} for 403 gold pieces
  2691 | D        | Bought an uncursed amulet of regeneration for 330 gold pieces
  2772 | D        | Noticed Joseph
  2781 | D        | Killed Joseph
  2838 | D        | Got the +11 plate armour "Fuiha" {Int+2 SInv}
  2881 | D        | Noticed a centaur warrior
  2886 | D        | Killed a centaur warrior
  2888 | D        | Received a gift from Trog
  2891 | D        | Noticed an ogre mage
  2893 | D        | Noticed a sphinx
  2906 | D        | Killed an ogre mage
  2906 | D        | Received a gift from Trog
  2910 | D        | Noticed a stone giant
  2911 | D        | Killed a sphinx
  2917 | D        | Noticed a fire giant
  2970 | D        | Killed a stone giant
  3076 | D        | Killed a fire giant
  3076 | D        | Received a gift from Trog
  3146 | D        | Noticed a frost giant
  3153 | D        | Killed a frost giant
  3153 | D        | Reached skill level 15 in Dodging
  3185 | D        | Noticed Psyche
  3189 | D        | Killed Psyche
  3271 | D        | Received a gift from Trog
  3286 | D        | Reached XP level 13. HP: 144/144 MP: 12/12
  3301 | D        | Received a gift from Trog
  3359 | D        | Received a gift from Trog
  3366 | D        | Received a gift from Trog
  3406 | D        | Received a gift from Trog
  3419 | D        | Received a gift from Trog
  3428 | D        | Got a fine battleaxe {god gift}
  3429 | D        | Identified the +4 battleaxe of Killer Bee's Regret {venom, rElec MR+} (Trog gifted it to you in the Dungeon)
  3447 | D        | Noticed a ghost moth
  3457 | D        | Killed a ghost moth
  3458 | D        | Received a gift from Trog
  3463 | D        | Noticed a ghost moth
  3470 | D        | Killed a ghost moth
  3545 | D        | Noticed Rupert
  3555 | D        | Killed Rupert
  3567 | D        | Noticed Kirke
  3568 | D        | Received a gift from Trog
  3576 | D        | Killed Kirke
  3619 | D        | Noticed a fire giant
  3622 | D        | Noticed a stone giant
  3625 | D        | Paralysed by a great orb of eyes for 2 turns
  3633 | D        | Noticed a vampire knight
  3633 | D        | Received a gift from Trog
  3638 | D        | Killed a fire giant
  3645 | D        | Killed a stone giant
  3645 | D        | Reached XP level 14. HP: 93/151 MP: 13/13
  3684 | D        | Killed a vampire knight
  3684 | D        | Received a gift from Trog
  3895 | D        | Noticed a purple very ugly thing
  3896 | D        | Noticed a white very ugly thing
  3908 | D        | Killed a purple very ugly thing
  3915 | D        | Killed a white very ugly thing
  3915 | D        | HP: 4/151 [ice dragon/blast of cold (34)]
  4089 | D        | Noticed an ironheart preserver
  4093 | D        | Received a gift from Trog
  4105 | D        | Killed an ironheart preserver
  4115 | D        | Noticed a stone giant
  4116 | D        | Received a gift from Trog
  4127 | D        | Killed a stone giant
  4131 | D        | Received a gift from Trog
  4141 | D        | Noticed a vault warden
  4154 | D        | Killed a vault warden
  4164 | D        | Received a gift from Trog
  4310 | D        | Noticed Nergalle
  4316 | D        | Killed Nergalle
  4464 | D        | Noticed Mara
  4482 | D        | Noticed Ghella's illusion
  4495 | D        | Noticed Ghella's illusion
  4519 | D        | Noticed Ghella's illusion
  4520 | D        | Killed Mara
  4654 | D        | Noticed Donald
  4671 | D        | Killed Donald
  4671 | D        | Received a gift from Trog
  4863 | D        | Noticed a nagaraja
  4863 | D        | Noticed a nagaraja
  4869 | D        | Reached XP level 15. HP: 155/159 MP: 11/14
  4870 | D        | Noticed a nagaraja
  4879 | D        | Killed a nagaraja
  4884 | D        | Killed a nagaraja
  4886 | D        | Received a gift from Trog
  4888 | D        | Killed a nagaraja
  4888 | D        | Reached skill level 27 in Axes
  4896 | D        | Received a gift from Trog
  4900 | D        | Got a translucent executioner's axe {god gift}
  4901 | D        | Identified the +10 executioner's axe of Pragmatism {chop, *Noise MR+ Str+5} (Trog gifted it to you in the Dungeon)
  4969 | D        | Got a serpentine rune of Zot
  4991 | D        | Received a gift from Trog
  5011 | D        | Received a gift from Trog
  5020 | D        | Got a decaying rune of Zot
  5045 | D        | Noticed Ilsuiw
  5049 | D        | Received a gift from Trog
  5065 | D        | Killed Ilsuiw
  5068 | D        | Received a gift from Trog
  5086 | D        | Received a gift from Trog
  5107 | D        | Got a barnacled rune of Zot
  5219 | D        | Noticed a ghost moth
  5227 | D        | Reached skill level 27 in Fighting
  5236 | D        | Killed a ghost moth
  5251 | D        | Received a gift from Trog
  5403 | D        | Noticed a ghost moth
  5408 | D        | Killed a ghost moth
  5423 | D        | Got a gossamer rune of Zot
  5443 | D        | Noticed Mennas
  5456 | D        | Killed Mennas
  5456 | D        | Received a gift from Trog
  5456 | D        | Reached XP level 16. HP: 166/183 MP: 6/15
  5483 | D        | Noticed Jory
  5495 | D        | Killed Jory
  5624 | D        | Received a gift from Trog
  5658 | D        | Received a gift from Trog
  5687 | D        | Got a translucent battleaxe {god gift}
  5688 | D        | Identified the +7 battleaxe of Quantum Leap {freeze, Int+2 Dex+2} (Trog gifted it to you in the Dungeon)
  5715 | D        | Reached skill level 27 in Armour
  5728 | D        | Received a gift from Trog
  5755 | D        | Received a gift from Trog
  5755 | D        | Reached skill level 27 in Dodging
  5791 | D        | Noticed a sphinx
  5791 | D        | Noticed a shadow dragon
  5792 | D        | Paralysed by a sphinx for 4 turns
  5798 | D        | Killed a sphinx
  5805 | D        | Received a gift from Trog
  5814 | D        | Killed a shadow dragon
  5814 | D        | Reached skill level 10 in Stealth
  5825 | D        | Noticed a shadow dragon
  5826 | D        | Noticed an ancient lich
  5834 | D        | Received a gift from Trog
  5844 | D        | Killed an ancient lich
  5850 | D        | Killed a shadow dragon
  5861 | D        | Received a gift from Trog
  5861 | D        | Reached skill level 15 in Stealth
  5867 | D        | Noticed a sphinx
  5867 | D        | Noticed an Orb Guardian
  5870 | D        | HP: 6/183 [deep elf archer/arrow (15)]
  5872 | D        | Killed an Orb Guardian
  5876 | D        | Received a gift from Trog
  5880 | D        | Noticed a Killer Klown
  5880 | D        | Noticed a death cob
  5888 | D        | Killed a death cob
  5893 | D        | Killed a Killer Klown
  5893 | D        | Reached XP level 17. HP: 52/191 MP: 16/16
  5897 | D        | Received a gift from Trog
  6192 | D        | Noticed a titan
  6199 | D        | Received a gift from Trog
  6200 | D        | Noticed a tentacled monstrosity
  6210 | D        | Killed a titan
  6220 | D        | Received a gift from Trog
  6226 | D        | Killed a tentacled monstrosity
  6238 | D        | Got a silver rune of Zot
  6432 | D        | Noticed Margery
  6435 | D        | Noticed Xtahua
  6438 | D        | Received a gift from Trog
  6443 | D        | Killed Margery
  6456 | D        | Killed Xtahua
  6463 | D        | Received a gift from Trog
  6570 | D        | Got the ring "Ymybuh" {+Fly rF- Str+9}
  6572 | D        | Got the ring "Axzuskoipn" {rC+ Str+5}
  6576 | D        | Got the ring "Ludae" {+Blink +Fly Int+3}
  6583 | D        | Found the +6 arbalest "Damnation" {damnation}
  6786 | D        | Noticed Frederick
  6798 | D        | Killed Frederick
  6846 | D        | Noticed a caustic shrike
  6846 | D        | Paralysed by a sphinx for 4 turns
  6861 | D        | Received a gift from Trog
  6874 | D        | Killed a caustic shrike
  6875 | D        | Paralysed by a vampire knight for 7 turns
  6892 | D        | Received a gift from Trog
  7090 | D        | Noticed a golden dragon
  7108 | D        | Received a gift from Trog
  7118 | D        | Killed a golden dragon
  7131 | D        | Reached skill level 27 in Stealth
  7175 | D        | Received a gift from Trog
  7179 | D        | Reached skill level 5 in Evocations
  7181 | D        | Reached XP level 18. HP: 132/200 MP: 0/22
  7318 | D        | Noticed an electric golem
  7327 | D        | Received a gift from Trog
  7327 | D        | Reached skill level 10 in Evocations
  7349 | D        | Killed an electric golem
  7349 | D        | Received a gift from Trog
  7375 | D        | Noticed a tentacled monstrosity
  7393 | D        | Killed a tentacled monstrosity
  7393 | D        | Reached skill level 15 in Evocations
  7403 | D        | Received a gift from Trog
  7454 | D        | Received a gift from Trog
  7696 | D        | Noticed an Orb Guardian
  7696 | D        | Noticed an Orb Guardian
  7696 | D        | Noticed an Orb Guardian
  7696 | D        | Noticed an Orb Guardian
  7696 | D        | Noticed an Orb Guardian
  7696 | D        | Noticed an Orb Guardian
  7697 | D        | Noticed an Orb Guardian
  7698 | D        | Killed an Orb Guardian
  7699 | D        | Noticed an Orb Guardian
  7700 | D        | Killed an Orb Guardian
  7705 | D        | Killed an Orb Guardian
  7709 | D        | Killed an Orb Guardian
  7714 | D        | Killed an Orb Guardian
  7714 | D        | Received a gift from Trog
  7719 | D        | Killed an Orb Guardian
  7720 | D        | Killed an Orb Guardian
  7721 | D        | Noticed an Orb Guardian
  7726 | D        | Killed an Orb Guardian
  7727 | D        | Noticed an Orb Guardian
  7731 | D        | Killed an Orb Guardian
  7734 | D        | Killed an Orb Guardian
  7776 | D        | Noticed an Orb Guardian
  7776 | D        | Noticed an Orb Guardian
  7776 | D        | Noticed a curse toe
  7777 | D        | Noticed an Orb Guardian
  7779 | D        | Noticed an Orb Guardian
  7780 | D        | Killed an Orb Guardian
  7787 | D        | Killed an Orb Guardian
  7794 | D        | Killed a curse toe
  7812 | D        | Killed an Orb Guardian
  7812 | D        | Received a gift from Trog
  7812 | D        | Reached XP level 19. HP: 94/207 MP: 34/34
  7955 | D        | Noticed an ancient lich
  7959 | D        | Killed an ancient lich
  8013 | D        | Noticed an orb of fire
  8015 | D        | Killed an orb of fire
  8015 | D        | Reached skill level 27 in Evocations
  8017 | D        | Noticed an electric golem
  8024 | D        | Killed an electric golem
  8066 | D        | Noticed an electric golem
  8066 | D        | Noticed a golden dragon
  8066 | D        | Noticed an electric golem
  8068 | D        | Noticed an orb of fire
  8071 | D        | Noticed an ancient lich
  8073 | D        | Received a gift from Trog
  8080 | D        | Gained mutation: You are clumsy. (Dex -2) [an orb of fire]
  8092 | D        | Gained mutation: You are dopey. (Int -2) [an orb of fire]
  8098 | D        | Gained mutation: You are very dopey. (Int -4) [an orb of fire]
  8207 | D        | Killed a golden dragon
  8207 | D        | Reached skill level 15 in Unarmed Combat
  8243 | D        | Killed an electric golem
  8319 | D        | Killed an orb of fire
  8435 | D        | Killed an electric golem
  8435 | D        | Received a gift from Trog
  8571 | D        | Killed an ancient lich
  8573 | D        | Got a translucent battleaxe {god gift}
  8574 | D        | Identified the +8 battleaxe of Mayhem {chop, +Rage MR++ Str-4 Stlth+} (Trog gifted it to you in the Dungeon)
  8654 | D        | Noticed an orb of fire
  8656 | D        | Gained mutation: Your magical capacity is low. (-10% MP) [an orb of fire]
  8662 | D        | Gained mutation: You expend magic power (3 MP) to strengthen your wands. [an orb of fire]
  8668 | D        | Gained mutation: You are weak. (Str -2) [an orb of fire]
  8671 | D        | Gained mutation: You do not regenerate when monsters are visible. [an orb of fire]
  8674 | D        | Killed an orb of fire
  8722 | D        | Noticed an ancient lich
  8730 | D        | Killed an ancient lich
  8848 | D        | Noticed an ancient lich
  8858 | D        | Killed an ancient lich
  8858 | D        | Received a gift from Trog
  8878 | D        | Reached skill level 27 in Unarmed Combat
  8878 | D        | Reached skill level 5 in Throwing
  8884 | D        | Reached skill level 10 in Throwing
  8889 | D        | Received a gift from Trog
  8889 | D        | Reached XP level 20. HP: 194/216 MP: 32/32
  8905 | D        | Received a gift from Trog
  8922 | D        | Received a gift from Trog
  8922 | D        | Reached skill level 15 in Throwing
  9286 | D        | Noticed an ancient lich
  9293 | D        | Killed an ancient lich
  9293 | D        | Received a gift from Trog
  9296 | D        | Received a gift from Trog
  9297 | D        | Received a gift from Trog
  9305 | D        | Received a gift from Trog
  9314 | D        | Received a gift from Trog
  9343 | D        | Reached skill level 1 in Long Blades
  9355 | D        | Received a gift from Trog
  9401 | D        | Received a gift from Trog
  9407 | D        | Received a gift from Trog
  9411 | D        | Reached skill level 10 in Long Blades
  9439 | D        | HP: 6/216 [ghostly deep elf master archer/arrow (24)]
  9446 | D        | Shot with an arrow by a deep elf master archer

Skill      XL: |  1  2  3  4  5  6  7  8  9 10 11 12 13 14 15 16 17 18 19 20 |
---------------+-------------------------------------------------------------+-----
Fighting       | 6 9 10 14 16 17 19 20 21 27 | 27.0
Axes           | 6 8 10 14 16 19 20 26 27 | 27.0
Armour         | 16 17 23 27 | 27.0
Dodging        | 16 23 25 27 | 27.0
Stealth        | 17 27 | 27.0
Evocations     | 6 25 27 | 27.0
Unarmed Combat | 27 | 27.0
Throwing       | 11 23 | 23.4
Long Blades    | 12 | 12.3
Maces & Flails | |  3.6

Action                   |  1- 3 |  4- 6 |  7- 9 | 10-12 | 13-15 | 16-18 | 19-21 || total
-------------------------+-------+-------+-------+-------+-------+-------+-------++-------
Melee: Mace              |    24 |       |       |       |       |       |       ||    24
       Headbutt          |     9 |     4 |    11 |    35 |    82 |   131 |    43 ||   315
       War axe           |       |    14 |    20 |       |       |       |       ||    34
       Battleaxe         |       |       |    38 |    26 |       |       |       ||    64
       Executioner's axe |       |       |       |   179 |   407 |   506 |   240 ||  1332
Invok: Berserk           |       |     2 |       |     1 |     1 |       |     1 ||     5
       Brothers in Arms  |       |       |       |       |     3 |     3 |     7 ||    13
       Trog's Hand       |       |       |       |       |     1 |     6 |     4 ||    11
  Use: Potion            |     1 |       |       |     3 |     9 |     6 |     7 ||    26
       Scroll            |       |       |       |     3 |     4 |       |     4 ||    11
 Stab: Sleeping          |       |       |       |       |       |     3 |     3 ||     6
       Distracted        |       |       |       |       |       |       |     1 ||     1
  Eat: Chunk             |       |       |     2 |     8 |     7 |    10 |     1 ||    28
       Ration            |       |       |       |       |     1 |       |     3 ||     4
Armor: Animal skin       |     3 |       |       |       |       |       |       ||     3
       Ring mail         |       |     2 |    18 |    20 |       |       |       ||    40
       Plate armour      |       |       |       |    53 |   222 |   244 |   108 ||   627
Dodge: Dodged            |    15 |    15 |    43 |    83 |   220 |   268 |   125 ||   769
